 Dungeon Crawl Stone Soup version 0.31-a0-236-g9a0961fb85 (webtiles) character file.

Game seed: 16593351319631284614

433 Nietzsche the Chopper (level 6, -4/47 HPs)
             Began as a Demonspawn Gladiator on July 11, 2023.
             Slain by Pikel
             ... wielding a +0 whip of freezing
              (6 damage)
             ... on level 4 of the Dungeon.
             The game lasted 00:08:27 (3328 turns).

Nietzsche the Chopper (Demonspawn Gladiator)        Turns: 3328, Time: 00:08:27

Health: -4/47      AC:  7    Str: 13 (14) XL:     6   Next: 67%
Magic:  9/9        EV: 13    Int: 11      God:
Gold:   152        SH:  0    Dex: 15      Spells: 10/10 levels left

rFire   + . .        a - +0 war axe
rCold   + . .        (no shield)
rNeg    . . .        b - +1 leather armour
rPois   +            c - +0 helmet
rElec   +            (no cloak)
rCorr   +            (no gloves)
SInv    .            (no boots)
Will    +....        (no amulet)
Stlth   +            p - ring of resist corrosion
HPRegen 0.27/turn    (no ring)
MPRegen 0.22/turn

%: no passive effects
@: about to teleport, resistant
A: icy blue scales 1, foul stench 1, magic regeneration, deterioration 1,
strong-willed 1, sense surroundings 1, inability to drink after injury 1
a: no special abilities


You were on level 4 of the Dungeon.
You visited 1 branch of the dungeon, and saw 4 of its levels.

You collected 152 gold pieces.

Inventory:

Hand Weapons
 a - a +0 war axe (weapon)
 l - a +5 short sword
Missiles
 d - 3 throwing nets (quivered)
 e - a javelin
Armour
 b - a +1 leather armour (worn)
 c - a +0 helmet (worn)
Jewellery
 p - a ring of resist corrosion (left hand)
Scrolls
 f - 2 scrolls of revelation
 g - a scroll of fog {unknown}
 h - a scroll of noise {unknown}
 j - a scroll of blinking {unknown}
 k - a scroll of enchant weapon {unknown}
 m - a scroll of identify
 o - a scroll of fear {unknown}
 q - a scroll of enchant armour


   Skills:
 + Level 3.0 Fighting
 + Level 4.4 Axes
 - Level 1.7 Throwing
 + Level 2.2 Armour
 + Level 3.6 Dodging
 + Level 1.0 Stealth
 * Level 2.6 Spellcasting


You had 10 spell levels left.
You didn't know any spells.
Your spell library contained the following spells:

 Spells                   Type           Power      Damage    Failure   Level
 Kiss of Death            Conj/Necr      4%         2d5       34%         1
 Summon Small Mammal      Summ           4%         N/A       34%         1
 Cigotuvi's Dreadful Rot  Necr/Pois/Air  2%         N/A       47%         2
 Call Canine Familiar     Summ           1%         N/A       71%         3
 Confusing Touch          Hex            1%         N/A       71%         3
 Ignite Poison            Fire/Tmut/Pois 1%         N/A       71%         3
 Summon Guardian Golem    Hex/Summ       1%         N/A       71%         3
 Dispel Undead            Necr           1%         3d6       98%         4
 Freezing Cloud           Conj/Ice/Air   0%         6-21      100%        5


Dungeon Overview and Level Annotations

Branches:
Dungeon (4/15)
 Temple: D:4-7

Altars:
Hepliaklqana
Ru

Shops:
D:2 (   D:4 (((

Annotations:
D:4 Pikel


Innate Abilities, Weirdness & Mutations

You are partially covered in icy blue scales. (AC +2)
You may rarely emit foul miasma when damaged in melee.
You regenerate magic rapidly.
Your body sometimes deteriorates upon taking damage.
You are strong-willed. (Will+)
You passively map a small area around you.
You occasionally lose the ability to drink potions when taking damage.


Message History

Pikel hits you with a +0 whip of freezing.
Pikel freezes you. The lemure barely misses you. The lemure hits you.
Pikel hits you with a +0 whip of freezing.
Pikel freezes you. The lemure barely misses you.
The lemure hits you but does no damage.
You closely miss Pikel.
Pikel is moderately wounded.
You barely miss the lemure. You hit the lemure but do no damage.
The lemure hits you but does no damage. The lemure closely misses you.
Pikel hits you with a +0 whip of freezing!
Your body deteriorates!
You feel weakened. Pikel freezes you.
You slash Pikel!
Pikel is heavily wounded.
You closely miss the lemure. x2
Pikel hits you with a +0 whip of freezing.
Pikel freezes you.
* * * LOW HITPOINT WARNING * * *
The lemure hits you but does no damage. The lemure hits you.
* * * LOW HITPOINT WARNING * * *
It was a potion of resistance.
You feel protected.
Pikel hits you with a +0 whip of freezing.
* * * LOW HITPOINT WARNING * * *
The lemure barely misses you. The lemure closely misses you.
You hit Pikel.
Pikel is heavily wounded.
You hit the lemure but do no damage. x2; Pikel barely misses you.
The lemure barely misses you. The lemure hits you.
* * * LOW HITPOINT WARNING * * *
You hit Pikel but do no damage.
Pikel is heavily wounded.
You hit the lemure. x2; Pikel barely misses you.
The lemure closely misses you. x2
Pikel hits you with a +0 whip of freezing.
* * * LOW HITPOINT WARNING * * *
The lemure misses you. x2
As you read the scroll of teleportation, it crumbles to dust.
You feel strangely unstable.
Pikel hits you with a +0 whip of freezing.
You die...

**#####**,*#.....######
*,.....#####......##...
*,,#.......†...#..##...
#***###...).########...
#.,*,,#...))#..#..)....
#..*,,#.###.#..#..###..
#...,,+.,#..'.....# #..
#...5#########....# #..
#...5K@..#_.).....#*#..
#..#.5#5###.#..#...##..
*,,#..#.....#..#.......
#######.....#######.###
#..#...........#..#.#
#......#####........#
#..................##
####################


You could see Pikel and 4 lemures.

Vanquished Creatures
  3 wights (D:4)
  A hound (D:4)
  Natasha (D:4)
  2 orc wizards (D:4)
  7 adders
  An ufetubus (D:4)
  2 worms
  4 dart slugs
  12 orcs
  4 ball pythons
  6 endoplasms
  4 giant cockroaches
  7 goblins
  4 hobgoblins
  3 jackals (D:3)
  6 kobolds
  5 quokkas
  8 bats
  3 frilled lizards
  4 rats
87 creatures vanquished.

Notes
Turn   | Place    | Note
-------+----------+-------------------------------------------
     0 | D:1      | Nietzsche the Demonspawn Gladiator began the quest for the
                  | Orb.
     0 | D:1      | Reached XP level 1. HP: 16/16 MP: 1/1
   215 | D:1      | Gained mutation: You may rarely emit foul miasma when
                  | damaged in melee. [demonic ancestry]
   215 | D:1      | Reached XP level 2. HP: 22/22 MP: 2/2
   541 | D:1      | Reached skill level 3 in Axes
   813 | D:2      | Found Ysif's Antique Weapon Shop.
   896 | D:2      | Reached XP level 3. HP: 27/27 MP: 4/4
   916 | D:2      | Reached skill level 1 in Spellcasting
  1421 | D:2      | Gained mutation: You are partially covered in icy blue
                  | scales. (AC +2) [demonic ancestry]
  1421 | D:2      | Reached XP level 4. HP: 20/33 MP: 4/6
  1572 | D:3      | Reached skill level 1 in Armour
  1778 | D:3      | Gained mutation: You are strong-willed. (Will+) [potion of
                  | mutation]
  1778 | D:3      | Gained mutation: You occasionally lose the ability to drink
                  | potions when taking damage. [potion of mutation]
  1778 | D:3      | Gained mutation: Your body sometimes deteriorates upon
                  | taking damage. [potion of mutation]
  1778 | D:3      | Gained mutation: You passively map a small area around you.
                  | [potion of mutation]
  1791 | D:3      | HP: 1/33 [orc/+0 trident (3)]
  1931 | D:3      | Found a hazy altar of Hepliaklqana.
  2115 | D:3      | Reached XP level 5. HP: 31/39 MP: 7/7
  2573 | D:4      | Found Hiec's Antique Weapon Shoppe.
  2786 | D:4      | Found Soujifir's Weapon Shop.
  2924 | D:4      | Found Wedyh's Weapon Boutique.
  2940 | D:4      | Noticed Natasha
  2954 | D:4      | Reached skill level 1 in Stealth
  2968 | D:4      | Killed Natasha
  2969 | D:4      | Gained mutation: You regenerate magic rapidly. [demonic
                  | ancestry]
  2969 | D:4      | Reached XP level 6. HP: 15/46 MP: 9/9
  3087 | D:4      | Found a sacrificial altar of Ru.
  3092 | D:4      | Reached skill level 4 in Axes
  3315 | D:4      | Noticed Pikel
  3327 | D:4      | HP: 1/47 [Pikel/+0 whip of freezing (3)]
  3328 | D:4      | Slain by Pikel

Illustrated notes

Levels and vault maps discovered:
D:1:      dpeg_arrival_three_same_balls, layout_loops_cross, minmay_quantized
D:2:      layout_loops_cross, serial_shops, shop
D:3:      layout_loops_ring, lemuel_tele_altar
D:4:      layout_rooms, hangedman_ru_absence, serial_shops, shop, shop, shop,
          nicolae_diamond_shop, uniq_pikel, uniq_natasha

Skill      XL: |  1  2  3  4  5  6 |
---------------+-------------------+-----
Axes           | 3 4 |  4.4
Dodging        | 3 |  3.6
Spellcasting   | 1 2 |  2.6
Armour         | 1 2 |  2.2
Stealth        | 1 |  1.0
Fighting       | 3 |  3.0
Throwing       | |  1.7

Action                     |  1- 3 |  4- 6 || total
---------------------------+-------+-------++-------
  Melee: War axe           |   112 |   210 ||   322
         Punch             |       |     1 ||     1
    Use: Potion            |       |     6 ||     6
         Scroll            |       |     5 ||     5
   Stab: Sleeping          |     1 |     2 ||     3
 Armour: Leather armour    |    54 |    95 ||   149
  Dodge: Dodged            |    84 |   219 ||   303

Table legend: (Time is in decaauts)
 A = Elapsed time spent in this place.
 B = Non-inter-level travel time spent in this place.
 C = Inter-level travel time spent in this place.
 D = Time resting spent in this place.
 E = Time spent auto-exploring this place.
 F = Levels seen in this place.
 G = Mean time per level.
                   A        B        C        D        E       F      G
               +--------+--------+--------+--------+--------+-----+--------+
         Total |   3421 |   3225 |    196 |      0 |   2363 |   4 |  855.2 |
       Dungeon |   3421 |   3225 |    196 |      0 |   2363 |   4 |  855.2 |
               +--------+--------+--------+--------+--------+-----+--------+

Top non-repeatable levels by time:
     D:2: 970 daAuts
     D:3: 938 daAuts
     D:4: 792 daAuts
     D:1: 720 daAuts
